Map: Fields of Death CE

Players

bobflintlock

  • Race: Terran Terran

Pearoshky

  • Race: Terran Terran

Vermax

  • Race: Protoss Protoss
  • League: Gold

Computer

  • Race: Terran Terran

VOD

Have the link to the VOD?

Description

Time

  • Played on: Aug. 28, 2026, 7:21 p.m.
  • Length: 3:23
Show
View Real Time Build Order
Export as new Build Order

bobflintlock Terran 

Build Orders:  

Get SALT Encoding   

  8  0:00  SCV  
  9  0:13  SCV  
  10  0:30  SCV  
  10  0:33  Supply Depot  
  11  0:42  SCV  
  12  0:54  SCV  
  13  1:02  Barracks  
  13  1:06  SCV  
  14  1:16  Refinery  
  15  1:18  SCV  
  15  1:30  SCV  
  16  1:38  Refinery  
  16  1:42  SCV  
  17  1:51  Barracks  
  17  1:54  SCV  
  18  2:17  Reaper  
  19  2:39  Reaper  
  19  2:43  SCV  
  21  2:46  Supply Depot  
  21  2:54  Supply Depot  
  21  2:56  Orbital Command  
Show
View Real Time Build Order
Export as new Build Order

Pearoshky Terran 

Build Orders:  

Get SALT Encoding   

  8  0:01  SCV  
  9  0:13  SCV  
  10  0:24  Supply Depot  
  10  0:30  SCV  
  11  0:46  SCV  
  12  0:52  Barracks  
  12  0:58  SCV  
  13  1:06  Refinery  
  13  1:17  SCV  
  14  1:29  SCV  
  15  1:41  SCV  
  15  1:42  Refinery  
  15  1:47  Barracks  
  16  1:52  Reaper  
  17  2:00  SCV  
  18  2:13  SCV  
  19  2:26  Reaper, SCV  
  21  2:39  Supply Depot  
  21  2:58  Supply Depot  
  21  3:01  SCV  
Show
View Real Time Build Order
Export as new Build Order

Vermax Protoss 

Build Orders:  

Get SALT Encoding   

  9  0:13  Pylon  
  8  0:35  Gateway  
  8  0:41  Probe  
  9  0:59  Pylon  
  9  1:18  Assimilator  
  9  1:20  Assimilator  
  9  1:24  Zealot, Cybernetics Core  
  11  1:26  Probe  
  12  1:35  Gateway  
  12  1:38  Probe  
  12  1:39  Gateway  
  13  1:42  Gateway  
  13  1:48  Gateway  
  13  1:50  Probe  
  14  2:30  Adept (Chrono Boost)  
  14  2:31  Stalker (Chrono Boost)  
  14  2:32  Adept (Chrono Boost)  
  22  2:38  Stalker (Chrono Boost)  
  22  2:49  Adept (Chrono Boost)  
  22  2:53  Pylon  
  22  2:55  Zealot  
Show
View Real Time Build Order
Export as new Build Order

Computer Terran 

Build Orders:  

Get SALT Encoding   

  8  2:20  Refinery  
Tags
 
Add a new tag
Caveats
  • Supply blocks, unpowered buildings, or Contaminate may cause inaccurate times.
  • Supply counts are checked every 10 seconds.